Map: Dusty Gorge

Players

Adversity - Winner!

  • Race: Terran Terran
  • Spawn Location: 5:00

Ender - Winner!

  • Race: Protoss Protoss
  • Spawn Location: 3:00

Weon

  • Race: Zerg Zerg
  • Spawn Location: 9:00

GRoupe

  • Race: Terran Terran
  • League: Master
  • Spawn Location: 11:00

VOD

Have the link to the VOD?

Description

Time

  • Played on: July 14, 2018, 3:44 p.m.
  • Length: 4:25
Show
View Real Time Build Order
Export as new Build Order

Adversity Terran - Winner!

Build Orders:  

Get SALT Encoding   

  12  0:01  SCV  
  13  0:13  SCV  
  14  0:19  Supply Depot  
  14  0:25  SCV  
  15  0:34  Refinery  
  15  0:45  SCV  
  15  0:47  Barracks  
  16  0:57  SCV  
  16  1:03  Barracks  
  17  1:10  SCV  
  18  1:21  Barracks  
  18  1:33  Reaper  
  18  1:38  Orbital Command  
  19  1:51  Reaper  
  19  1:52  Supply Depot  
  20  1:59  Refinery  
  20  2:05  Reaper  
  21  2:09  SCV  
  22  2:16  Reaper  
  22  2:21  SCV  
  24  2:22  Supply Depot  
  24  2:32  Reaper  
  24  2:33  SCV  
  26  2:40  Reaper  
  27  2:45  SCV  
  27  2:50  Reaper  
  29  3:04  Reaper  
  30  3:10  Command Center  
  30  3:12  Reaper  
  31  3:22  Reaper  
  32  3:37  SCV  
  32  3:40  Barracks  
  33  3:41  Barracks  
  32  3:49  Reaper  
  33  4:10  SCV  
Show
View Real Time Build Order
Export as new Build Order

Ender Protoss - Winner!

Build Orders: 1 Gate Expand, Double Forge 

Get SALT Encoding   

  12  0:00  Probe  
  13  0:13  Probe  
  14  0:18  Pylon  
  14  0:25  Probe  
  15  0:33  Probe  
  15  0:41  Gateway, Probe  
  17  0:57  Probe  
  18  1:21  Nexus  
  18  1:25  Assimilator  
  18  1:34  Cybernetics Core  
  18  1:40  Pylon  
  18  1:44  Assimilator  
  18  1:50  Probe  
  19  2:03  Gateway  
  19  2:10  Stalker  
  19  2:13  Probe  
  21  2:21  Probe  
  22  2:27  Warp Gate  
  23  2:30  Probe  
  23  2:31  Probe  
  25  2:38  Probe  
  25  2:43  Probe  
  27  2:49  Probe  
  27  2:51  Twilight Council  
  27  2:57  Probe x2  
  30  3:09  Probe  
  30  3:10  Forge  
  31  3:20  Probe, Forge  
  31  3:24  Probe  
  33  3:28  Probe  
  34  3:37  Probe x2  
  36  3:51  Pylon  
  36  4:00  Probe x2  
  38  4:12  Probe x2  
  38  4:15  Gateway  
  38  4:16  Gateway  
  40  4:19  Gateway  
Show
View Real Time Build Order
Export as new Build Order

Weon Zerg 

Build Orders: Hatch First 

Get SALT Encoding   

  12  0:01  Drone  
  13  0:12  Overlord  
  13  0:18  Drone  
  14  0:31  Drone x2  
  14  0:34  Drone  
  17  0:55  Hatchery  
  16  0:58  Drone  
  17  1:07  Drone  
  17  1:10  Extractor  
  17  1:23  Drone, Spawning Pool  
  17  1:28  Drone  
  17  1:31  Drone  
  19  1:54  Overlord  
  19  2:09  Metabolic Boost  
  19  2:11  Zergling x8  
  19  2:13  Queen  
  24  2:24  Queen  
  24  2:28  Drone  
  27  2:32  Drone  
  27  2:35  Drone  
  29  2:38  Drone  
  29  2:42  Drone  
  31  2:46  Drone  
  32  2:52  Overlord  
  32  2:57  Drone  
  33  3:07  Zergling x4  
  36  3:12  Zergling x2  
  36  3:17  Spine Crawler  
  36  3:19  Zergling x2  
  33  3:23  Zergling x2  
  31  3:29  Zergling x2  
  30  3:35  Zergling x2  
  30  3:38  Zergling x2  
  31  3:44  Zergling x6  
  31  3:46  Zergling x2  
  34  3:50  Zergling x2  
  34  3:55  Zergling x2  
  36  3:56  Spine Crawler  
  36  3:57  Roach Warren  
  34  4:03  Zergling x2  
Show
View Real Time Build Order
Export as new Build Order

GRoupe Terran 

Build Orders: Reaper Expand 

Get SALT Encoding   

  12  0:01  SCV  
  13  0:13  SCV  
  14  0:18  Supply Depot  
  14  0:25  SCV  
  15  0:40  SCV  
  15  0:41  Barracks  
  16  0:44  Refinery  
  16  0:52  SCV  
  17  1:04  SCV  
  18  1:16  SCV  
  19  1:28  Reaper, Orbital Command  
  20  1:42  Command Center  
  20  1:52  Barracks  
  20  1:59  Refinery  
  20  2:04  SCV  
  20  2:06  Barracks Reactor  
  21  2:13  Supply Depot  
  21  2:16  SCV  
  22  2:25  Factory  
  22  2:30  SCV  
  23  2:40  Barracks Reactor  
  23  2:41  Barracks Tech Lab  
  23  2:42  Marine x2  
  23  2:44  SCV  
  23  3:07  Orbital Command  
  23  3:11  Marine  
  23  3:14  Marine  
  23  3:17  Marine  
  25  3:24  SCV  
  26  3:30  Marine  
  26  3:32  Marine  
  28  3:35  Marine  
  29  3:47  Marine  
  28  3:49  Starport  
  28  3:50  Factory Reactor, Marine  
  26  3:58  Marine  
  22  4:05  Marine  
Tags
 
Add a new tag
Caveats
  • Supply blocks, unpowered buildings, or Contaminate may cause inaccurate times.
  • Supply counts are checked every 10 seconds.